 Dungeon Crawl Stone Soup version 0.18.1-8-gdd0e5ea (webtiles) character file.

11 M4edhros the Grave Robber (level 2, -1/17 HPs)
             Began as an Octopode Necromancer on May 23, 2016.
             Slain by a jackal (3 damage)
             ... on level 1 of the Dungeon.
             The game lasted 00:01:32 (237 turns).

M4edhros the Grave Robber (Octopode Necromancer)     Turns: 237, Time: 00:01:33

Health: -1/17      AC:  1    Str:  7    XL:     2   Next: 25%
Magic:  5/5        EV: 12    Int: 17    God:
Gold:   34         SH:  0    Dex: 12    Spells: 2 memorised, 3 levels left

rFire  . . .     SeeInvis .       - Unarmed
rCold  . . .     Gourm    .     (no shield)
rNeg   . . .     Faith    .     (helmet restricted)
rPois  .         Spirit   .     (no amulet)
rElec  .         Dismiss  .     (no ring)
rCorr  .         Reflect  .     (no ring)
SustAt .         Harm     .     (no ring)
MR     .....                    (no ring)
Stlth  +++.......               (no ring)
                                (no ring)
                                (no ring)
                                (no ring)

@: not resistant to hostile enchantments, fairly stealthy
A: almost no armour, amphibious, 8 rings, constrict 8, camouflage 1, gelatinous
body 1
a: no special abilities


You were on level 1 of the Dungeon.
You were not hungry.

You visited 1 branch of the dungeon, and saw 1 of its levels.

You collected 34 gold pieces.

Inventory:

Hand Weapons
 c - a +2 hunting sling of freezing
Missiles
 e - 9 stones (quivered)
Scrolls
 d - 2 scrolls of identify
Books
 a - a book of Necromancy

   Spells                             Type                      Level
   a - Pain                           Necromancy                   1
   b - Animate Skeleton               Necromancy                   1
   c - Vampiric Draining              Necromancy                   3
   d - Regeneration                   Charms/Necromancy            3
   e - Animate Dead                   Necromancy                   4
   f - Control Undead                 Necromancy                   4
Comestibles
 b - a bread ration


   Skills:
 + Level 0.6 Slings
 - Level 2.0 Dodging
 - Level 2.6 Stealth
 + Level 1.5 Unarmed Combat
 - Level 2.0 Spellcasting
 - Level 4.0 Necromancy


You had 3 spell levels left.
You knew the following spells:

 Your Spells              Type           Power        Failure   Level  Hunger
a - Pain                  Necr           ###.         3%          1    #......
b - Animate Skeleton      Necr           N/A          3%          1    #......


Dungeon Overview and Level Annotations

Branches:
Dungeon (1/15)

Altars:


Innate Abilities, Weirdness & Mutations

You cannot wear most types of armour.
You are amphibious.
You can wear up to eight rings at the same time.
You can use your tentacles to constrict eight enemies at once.
Your skin changes colour to match your surroundings (Stealth).
Your rubbery body absorbs attacks (AC +1).


Message History

The jackal is heavily wounded.
The jackal bites you but does no damage.
You barely miss the jackal. Your grab misses the jackal.
The jackal is heavily wounded.
The jackal misses you.
You barely miss the jackal. Your grab misses the jackal.
Your squeeze misses the jackal.
The jackal is heavily wounded.
The jackal closely misses you.
The jackal bites you but does no damage.
You barely miss the jackal. Your grab misses the jackal.
The jackal is heavily wounded.
The jackal bites you.
* * * LOW HITPOINT WARNING * * *
You tentacle-slap the jackal. Your grab misses the jackal.
The jackal is severely wounded.
The jackal bites you.
* * * LOW HITPOINT WARNING * * *
The jackal bites you.
You die...

#...........# ##
#####...........# #.
#...............#.#.
#...............#.#. # #
#...............#.#.
..#.#...............#.#.
#...#...............#.#.
....................#.#.
.......@............#.#%
.......h.##########.....
.......(.# #######.)##.
.........# #....'...##.
##....!..(. #<...#..####
............######..#
........(..?# #..## #
.......(..((# #..+ #
............# #..# #


You could see a jackal.

Vanquished Creatures
  2 bats (D:1)
  A goblin (D:1)
  2 hobgoblins (D:1)
  2 jackals (D:1)
  A ball python (D:1)
  A kobold (D:1)
  A rat (D:1)
10 creatures vanquished.

Notes
Turn   | Place    | Note
--------------------------------------------------------------
     0 | D:1      | M4edhros the Octopode Necromancer began the quest for the Orb.
     0 | D:1      | Reached XP level 1. HP: 11/11 MP: 3/3
    21 | D:1      | Learned a level 1 spell: Animate Skeleton
   107 | D:1      | Reached skill level 1 in Unarmed Combat
   217 | D:1      | Reached XP level 2. HP: 11/17 MP: 3/5
   237 | D:1      | Slain by a jackal

Skill      XL: |  1 |
---------------+----+-----
Unarmed Combat | 1 |  1.5
Slings         | |  0.6
Dodging        | |  2.0
Stealth        | |  2.6
Spellcasting   | |  2.0
Necromancy     | |  4.0

Action                   || total
-------------------------++-------
Melee: Unarmed           ||    14
       Tentacles         ||     4
       Constrict         ||     3
 Fire: Hunting sling     ||    18
 Cast: Pain              ||     2
       Animate Skeleton  ||     1
  Use: Scroll            ||     1
Armor: Skin              ||     5
Dodge: Dodged            ||    10
